 Dungeon Crawl Stone Soup version 0.23.2-1-ga50397a (webtiles) character file.

Game seed: 3397849695500089050

207 goulibeur the Skirmisher (level 5, -2/47 HPs)
             Began as a Draconian Berserker on May 19, 2019.
             Was a Believer of Trog.
             Slain by a mummy (16 damage)
             ... in an ossuary.
             The game lasted 00:25:50 (2637 turns).

goulibeur the Skirmisher (Draconian Berserker)      Turns: 2637, Time: 00:25:51

Health: -2/47      AC:  6    Str: 21    XL:     5   Next: 54%
Magic:  5/5        EV: 12    Int:  7    God:    Trog [**....]
Gold:   206        SH:  3    Dex: 10    Spells: 4/4 levels left

rFire    . . .     SeeInvis .   a - +1 falchion
rCold    . . .     Gourm    .   h - +0 buckler
rNeg     + . .     Faith    .   (armour unavailable)
rPois    .         Spirit   .   (helmet restricted)
rElec    .         Reflect  .   (no cloak)
rCorr    .         Harm     .   g - +0 pair of gloves
MR       .....                  (no boots)
Stlth    +.........             (no amulet)
HPRegen  0.15/turn              p - ring of positive energy
MPRegen  0.09/turn              (no ring)

@: berserk cooldown, slowed, very slow
A: unfitting armour, cold-blooded, AC +5
a: Berserk, Trog's Hand, Renounce Religion


You were in an ossuary.
You worshipped Trog.
Trog was pleased with you.
You were hungry.

You visited 1 branch of the dungeon, and saw 5 of its levels.
You also visited: Ossuary.

You collected 206 gold pieces.

Inventory:

Hand Weapons
 a - a +1 falchion (weapon)
Armour
 g - a +0 pair of gloves (worn)
 h - a +0 buckler (worn)
Jewellery
 p - a ring of positive energy (left hand)
 q - an uncursed ring of positive energy
 v - an uncursed ring of fire
Wands
 y - a wand of disintegration (14)
Scrolls
 f - a scroll of remove curse
 k - a scroll of enchant armour {unknown}
 l - a scroll of noise {unknown}
 o - a scroll of fog {unknown}
 s - a scroll of random uselessness {unknown}
 t - a scroll of fear
 A - a scroll of identify
 B - a scroll of teleportation {unknown}
Potions
 c - a potion of flight
 d - 2 potions of curing
 e - a potion of ambrosia {unknown}
 n - 2 potions of brilliance {unknown}
 r - 2 potions of degeneration {unknown}
 u - 2 potions of heal wounds {unknown}
 w - a potion of might {unknown}
 x - a potion of resistance {unknown}
 z - a potion of berserk rage {unknown}
Comestibles
 b - 13 rations
 m - 3 chunks of flesh


   Skills:
 * Level 4.9 Fighting
 * Level 4.0 Long Blades
 + Level 3.4 Dodging
 + Level 1.8 Shields
 * Level 1.0 Evocations


You had 4 spell levels left.
You didn't know any spells.
Your spell library was empty.

Dungeon Overview and Level Annotations

Branches:
Dungeon (7/15)
 Temple: D:4-7

Altars:
Cheibriados
Dithmenos
Makhleb
Xom

Annotations:
D:4 2 runed translucent doors, Masnef's ghost, novice GnSk


Innate Abilities, Weirdness & Mutations

Your plain brown scales are hard. (AC +5)
You cannot fit into any form of body armour.
You are cold-blooded and may be slowed by cold attacks.


Message History

There is a sand-covered staircase here.
The world spins around you as you enter the gateway.
You enter an ossuary! 3 mummies come into view.
Found a gate leading back out of this place.
There is an empty arch of ancient stone here.
A red film seems to cover your vision as you go berserk!
You feel yourself moving faster!
You feel mighty!
You are feeling hungry.
You feel a strong urge to attack something.
You feel your anger nearly subside.
You are no longer berserk.
You are exhausted.
You feel yourself slow down.
You barely miss the mummy. The mummy hits you! x2
* * * LOW HITPOINT WARNING * * *
The mummy closely misses you.
You hit the mummy.
The mummy is lightly damaged.
The mummy hits you!
You die...

#
#.###########
............##
..........M..#
.....∩.∩..@M.#
^.........M..#
............##
#.###########
#


You could see 3 mummies.

Vanquished Creatures
  A hound (D:3)
  An orc wizard (D:4)
  Robin (D:2)
  5 adders
  A howler monkey skeleton (D:7)
  2 dart slugs
  2 leopard geckos (D:2)
  7 orcs
  7 giant cockroaches
  4 hobgoblins
  3 quokkas
  A ball python (D:2)
  4 bats
  8 frilled lizards
  17 goblins
  7 kobolds
  A quokka zombie (D:3)
  6 rats
78 creatures vanquished.

Notes
Turn   | Place    | Note
-------+----------+-------------------------------------------
     0 | D:1      | goulibeur the Draconian Berserker began the quest for the
                  | Orb.
     0 | D:1      | Reached XP level 1. HP: 19/19 MP: 1/1
   282 | D:1      | Reached XP level 2. HP: 26/26 MP: 2/2
   928 | D:2      | Reached XP level 3. HP: 32/33 MP: 3/3
   990 | D:2      | Reached ** piety under Trog
  1046 | D:2      | Reached skill level 1 in Shields
  1157 | D:2      | Reached XP level 4. HP: 40/40 MP: 4/4
  1605 | D:3      | Noticed Robin
  1640 | D:2      | Killed Robin
  1913 | D:3      | Found a snail-covered altar of Cheibriados.
  2004 | D:3      | Found a shadowy altar of Dithmenos.
  2034 | D:3      | Found a shimmering altar of Xom.
  2248 | D:3      | Reached XP level 5. HP: 47/47 MP: 5/5
  2297 | D:3      | Found a burning altar of Makhleb.
  2382 | D:4      | Found a large runed translucent door.
  2382 | D:4      | Found a large runed translucent door.
  2383 | D:4      | Noticed Masnef's ghost (novice GnSk)
  2447 | D:4      | Reached skill level 1 in Evocations
  2585 | D:4      | Noticed a phantom
  2585 | D:4      | You fall through a shaft for 3 floors!
  2617 | D:7      | Found a sand-covered staircase.
  2631 | Ossuary  | Entered an ossuary
  2637 | Ossuary  | Slain by a mummy

Skill      XL: |  1  2  3  4  5 |
---------------+----------------+-----
Dodging        | 3 |  3.4
Fighting       | 4 |  4.9
Shields        | 1 |  1.8
Evocations     | 1 |  1.0
Long Blades    | 4 |  4.0

Action                   |  1- 3 |  4- 6 || total
-------------------------+-------+-------++-------
Melee: Falchion          |    88 |   127 ||   215
       Tailslap          |     9 |    18 ||    27
Invok: Berserk           |       |     2 ||     2
  Use: Scroll            |     3 |     6 ||     9
  Eat: Chunk             |     1 |     6 ||     7
Armor: Skin              |    32 |    53 ||    85
Dodge: Dodged            |    52 |   108 ||   160
Block: Buckler           |     8 |    20 ||    28
       Rpst.: Falchion   |    23 |    37 ||    60
